 Dungeon Crawl Stone Soup version 0.27.1-34-g3ba077fa99 (webtiles) character file.

Game seed: 6494548203333426216

244 Delamore the Covert (level 6, 0/39 HPs)
             Began as an Octopode Brigand on Feb 12, 2022.
             Slain by Grinder (5 damage)
             ... while paralysed by Grinder
             ... on level 3 of the Dungeon.
             The game lasted 00:02:32 (3035 turns).

Delamore the Covert (Octopode Brigand)              Turns: 3035, Time: 00:02:33

Health: 0/39       AC:  1    Str: 10    XL:     6   Next: 10%
Magic:  6/6        EV:  2    Int: 13    God:
Gold:   117        SH:  0    Dex: 16    Spells: 5/5 levels left

rFire    . . .     SeeInvis .   a - +2 dagger
rCold    + + .     Faith    .   (no shield)
rNeg     . . .     Spirit   .   (helmet restricted)
rPois    .         Reflect  .   (no amulet)
rElec    .         Harm     .   f - ring of protection from cold
rCorr    .         Rampage  .   l - +4 ring of evasion
Will     .....                  m - ring of protection from cold
Stlth    +++++.....             (no ring)
HPRegen  0.13/turn              (no ring)
MPRegen  0.10/turn              (no ring)
                                (no ring)
                                (no ring)

@: paralysed
A: almost no armour, amphibious, 8 rings, camouflage 1, gelatinous body 1,
(nimble swimmer 1), tentacles
a: no special abilities


You were on level 3 of the Dungeon.
You visited 1 branch of the dungeon, and saw 3 of its levels.

You collected 117 gold pieces.

Inventory:

Hand Weapons
 a - a +2 dagger (weapon)
Missiles
 b - 40 poisoned darts (quivered)
 c - 2 curare-tipped darts
 n - 8 boomerangs
Jewellery
 f - a ring of protection from cold (left tentacle)
 l - a +4 ring of evasion (right tentacle)
 m - a ring of protection from cold (on tentacle)
Scrolls
 d - a scroll of enchant armour {unknown}
 g - a scroll of fear {unknown}
 i - a scroll of blinking {unknown}
Potions
 e - 4 potions of heal wounds {unknown}
 h - a potion of lignification {unknown}
 j - 2 potions of invisibility {unknown}
 k - 2 potions of curing {unknown}


   Skills:
 - Level 2.0 Fighting
 + Level 3.8 Short Blades
 - Level 2.0 Throwing
 - Level 1.0 Dodging
 * Level 8.8 Stealth


You had 5 spell levels left.
You didn't know any spells.
Your spell library contained the following spells:

 Spells                   Type           Power      Damage    Failure   Level
 Animate Skeleton         Necr           0%         N/A       30%         1
 Pain                     Necr           0%         1d4       30%         1
 Static Discharge         Conj/Air       0%         N/A       43%         2
 Vampiric Draining        Necr           0%         2d6       67%         3
 Agony                    Necr           0%         N/A       100%        5
 Excruciating Wounds      Necr           0%         N/A       100%        5
 Lightning Bolt           Conj/Air       0%         1d11      100%        5
 Maxwell's Capacitive Co  Air            0%         ∞         100%        8


Dungeon Overview and Level Annotations

Branches:
Dungeon (3/15)

Altars:

Annotations:
D:3 1 runed translucent door, Crazy Yiuf, Grinder


Innate Abilities, Weirdness & Mutations

You cannot wear most types of armour.
You are amphibious.
You can wear up to eight rings at the same time.
Your skin changes colour to match your surroundings (Stealth+).
Your rubbery body absorbs attacks. (AC +1, EV +1)
((You are camouflaged near water. (Stealth+)))
You have tentacles for arms and can constrict up to eight enemies at once.


Message History

Things that are here:
a +0 hand axe; a +0 ring mail; an orc corpse
Things that are here:
a +0 dagger; an orc corpse Grinder comes into view.
Grinder is nearby!
Grinder is nearby!
Grinder blinks!
Grinder hits you!
You writhe in agony.
You hit Grinder but do no damage. You grab Grinder.
You constrict Grinder, but do no damage.
Grinder barely misses you.
You hit Grinder.
Grinder is lightly wounded.
You constrict Grinder. Grinder closely misses you.
You hit Grinder. You squeeze Grinder.
Grinder is lightly wounded.
You constrict Grinder. You hit Grinder. You squeeze Grinder.
Grinder is heavily wounded.
You constrict Grinder. Grinder gestures at you. Pain shoots through your body!
You hit Grinder.
Grinder is heavily wounded.
You constrict Grinder. Grinder hits you!
You are too injured to fight recklessly!
You are too injured to fight recklessly!
You are too injured to fight recklessly!
You are too injured to fight recklessly!
You are too injured to fight recklessly!
You hit Grinder.
Grinder is severely wounded.
You constrict Grinder, but do no damage.
Grinder gestures at you.
You suddenly lose the ability to move!
You lose your grip on Grinder.
Grinder hits you!
* * * LOW HITPOINT WARNING * * *
You writhe in agony.
You die...

.###########.#
.............# .#
.###########.# .. .# #.#
.# .###########.# .#
...........#.# .#
###)..####.#.# .#
##.)..####.#.#####.#
)))........#...5@..#
###...#####..............
.........................
###########.##########...
..#<.#....# ## .#
#.#..#...## .#
#.#..#..#.# .#
#.#..#....# .#
#.#..#....#


You could see Grinder.

Vanquished Creatures
  A phantom (D:2)
  Natasha (D:2)
  7 adders
  3 worms (D:2)
  3 dart slugs
  5 orcs (D:3)
  3 ball pythons
  8 endoplasms
  3 giant cockroaches
  3 goblins
  9 hobgoblins
  3 kobolds
  4 quokkas
  5 bats
  A frilled lizard (D:1)
  5 rats
64 creatures vanquished.

Vanquished Creatures (others)
  2 fungi (D:3)
2 creatures vanquished.

Grand Total: 66 creatures vanquished

Notes
Turn   | Place    | Note
-------+----------+-------------------------------------------
     0 | D:1      | Delamore the Octopode Brigand began the quest for the Orb.
     0 | D:1      | Reached XP level 1. HP: 14/14 MP: 1/1
   198 | D:1      | Reached XP level 2. HP: 12/19 MP: 2/2
   354 | D:1      | Reached skill level 6 in Stealth
   698 | D:1      | Reached XP level 3. HP: 22/24 MP: 3/3
  1027 | D:2      | Noticed a phantom
  1040 | D:2      | Killed a phantom
  1041 | D:2      | Reached skill level 7 in Stealth
  1041 | D:2      | Reached XP level 4. HP: 17/29 MP: 4/4
  1242 | D:2      | Reached XP level 5. HP: 34/34 MP: 5/5
  1887 | D:2      | Reached skill level 8 in Stealth
  2131 | D:2      | Noticed Natasha
  2144 | D:2      | Killed Natasha
  2768 | D:3      | Found a runed translucent door.
  2769 | D:3      | Noticed Crazy Yiuf
  2845 | D:3      | Reached XP level 6. HP: 39/39 MP: 6/6
  3023 | D:3      | Noticed Grinder
  3034 | D:3      | Paralysed by Grinder for 2 turns
  3035 | D:3      | Slain by Grinder

Illustrated notes

Levels and vault maps discovered:
D:1:      ncdulo_halloftheorcs, layout_loops_ring, minmay_misc_feat_iff
D:2:      layout_basic, uniq_natasha
D:3:      wad_river_or_something, layout_basic, lemuel_zombie_altar_yredelemnul,
          uniq_crazy_yiuf_cottage, uniq_grinder

Skill      XL: |  1  2  3  4  5 |
---------------+----------------+-----
Stealth        | 6 7 8 |  8.8
Short Blades   | 3 |  3.8
Fighting       | |  2.0
Throwing       | |  2.0
Dodging        | |  1.0

Action                   |  1- 3 |  4- 6 || total
-------------------------+-------+-------++-------
Melee: Dagger            |    45 |    87 ||   132
       Tentacles         |    11 |    17 ||    28
       Constrict         |     6 |    19 ||    25
  Use: Scroll            |       |     2 ||     2
 Stab: Sleeping          |    11 |    18 ||    29
Armor: Skin              |     5 |     2 ||     7
Dodge: Dodged            |    13 |    33 ||    46
